 Dungeon Crawl Stone Soup version 0.26-a0-863-g3bff4b215c (webtiles) character file.

Game seed: 12753535777093443491

1045 robertstho the Grappler (level 8, -2/80 HPs)
             Began as a Troll Berserker on Nov 25, 2020.
             Was an Elder of Trog.
             Slain by a gnoll
             ... wielding a +0 spear
              (6 damage)
             ... on level 5 of the Dungeon.
             The game lasted 00:05:25 (3861 turns).

robertstho the Grappler (Troll Berserker)           Turns: 3861, Time: 00:05:27

Health: -2/80      AC:  8    Str: 26    XL:     8   Next: 4%
Magic:  16/16      EV: 11    Int:  5    God:    Trog [****..]
Gold:   242        SH:  5    Dex: 14    Spells: 7/7 levels left

rFire    + . .     SeeInvis +     - Unarmed
rCold    . . .     Faith    .   (no shield)
rNeg     . . .     Spirit   .   a - +0 animal skin
rPois    .         Reflect  +   (helmet restricted)
rElec    .         Harm     .   o - +0 cloak
rCorr    .         Rampage  .   (gloves unavailable)
MR       ++...     Rnd*Tele +   (boots unavailable)
Stlth    ++........             b - amulet of reflection
HPRegen  1.63/turn              r - ring "Fadghoko" {*Tele *Drain MP+9 Dex+3 SInv}
MPRegen  0.15/turn              s - ring of protection from fire

@: mighty, berserk cooldown, regenerating, slowed, very slow
A: large, unfitting armour, claws 3, rugged brown scales 1, agile 1, blurry
vision 1, regeneration 1, shaggy fur 1, tough skin 3
a: Berserk, Trog's Hand, Brothers in Arms, Renounce Religion


You were on level 5 of the Dungeon.
You worshipped Trog.
Trog was greatly pleased with you.
You visited 1 branch of the dungeon, and saw 5 of its levels.

You collected 242 gold pieces.

Inventory:

Hand Weapons
 m - a +3 whip
Armour
 a - a +0 animal skin (worn)
 o - a +0 cloak (worn)
Jewellery
 b - an amulet of reflection (around neck)
 j - an uncursed ring of protection from fire
 r - the ring "Fadghoko" (left claw) {*Tele *Drain MP+9 Dex+3 SInv}
   (You found it on level 4 of the Dungeon)

   [ring of teleportation]

   It may teleport you next to monsters.
   It affects your dexterity (+3).
   It affects your magic capacity (+9).
   It lets you see invisible.
   It causes draining when unequipped.
 s - a ring of protection from fire (right claw)
Wands
 v - a wand of iceblast (7)
Scrolls
 c - 3 scrolls of fear
 d - 2 scrolls of magic mapping
 f - 4 scrolls of teleportation {unknown}
 h - a scroll of fog {unknown}
 k - a scroll of enchant weapon
 p - 3 scrolls of amnesia {unknown}
 q - a scroll of noise {unknown}
 u - a scroll of blinking {unknown}
Potions
 e - a potion of heal wounds {unknown}
 g - a potion of curing {unknown}
 i - 2 potions of flight {unknown}
 l - a potion of might
 n - a potion of mutation
 t - 2 potions of magic


   Skills:
 * Level 3.8 Fighting
 + Level 3.5 Dodging
 + Level 0.6 Stealth
 + Level 1.9 Shields
 * Level 8.0 Unarmed Combat


You had 7 spell levels left.
You didn't know any spells.
Your spell library was empty.

Dungeon Overview and Level Annotations

Branches:
Dungeon (5/15)
 Temple: D:4-7

Altars:
Ashenzari
Cheibriados
Dithmenos
Fedhas
Ru
Trog
Xom
Yredelemnul
The Shining One


Innate Abilities, Weirdness & Mutations

You are too large for most types of armour.
You have claws for hands.
Your natural rate of healing is unusually fast.
You are covered in fur. (AC +1)
You have extremely tough skin. (AC +3)
You are partially covered in rugged brown scales. (AC +1, +3% HP)
You are agile. (Dex +2)
Scrolls take you a little longer to read.


Message History

You feel resistant to hostile enchantments.
The gnoll hits you from afar with a +0 spear!
* * * LOW HITPOINT WARNING * * *
The gnoll hits you but does no damage. The gnoll barely misses you.
You block the gnoll's attack.
It was a potion of mutation.
You feel extremely strange.
Your vision blurs.
Rugged brown scales grow over part of your body.
You feel agile. You block the gnoll's attack.
The gnoll hits you with a +0 halberd.
* * * LOW HITPOINT WARNING * * *
The gnoll closely misses you. x3
It was a potion of might.
You feel very mighty all of a sudden. The gnoll hits you with a +0 halberd.
* * * LOW HITPOINT WARNING * * *
The gnoll hits you from afar with a +0 halberd!
* * * LOW HITPOINT WARNING * * *
The gnoll hits you from afar with a +0 spear.
You die...

#########''''#############...#≈≈P
#....# #+###≈≈. #....# . #.≈≈≈.
#....# .. #.≈≈≈.
''#######....#########''# #.≈≈≈.
.......)#)†..#.))........ #.≈≈≈.
........)))..'..8#..... #.≈≈≈.
........'....'.g8#g.# #.≈≈≈.
........#8..8#.)@gg.# #.≈≈≈.
##################### #.≈≈≈.
#+###≈≈.
##########################...#≈≈.
.........................#.gg#≈≈.
≈≈≈≈≈≈≈≈≈≈≈≈≈≈≈≈≈≈≈≈≈≈≈≈≈#####≈≈.
≈≈≈≈≈≈≈≈≈≈≈≈≈≈≈≈≈≈≈≈≈≈≈≈≈≈≈≈≈≈≈≈.
≈≈≈≈≈≈≈≈≈≈≈≈≈≈≈†≈≈≈≈≈≈≈≈≈≈≈≈≈≈≈≈.
....P................P...........


You could see 4 gnolls.

Vanquished Creatures
  An ogre (D:5)
  A phantom (D:4)
  2 scorpions (D:4)
  6 gnoll shamans (D:5)
  A hound (D:5)
  An orc priest (D:5)
  An iguana (D:5)
  2 worker ants
  An orc wizard (D:5)
  A hound skeleton (D:4)
  A worker ant zombie (D:5)
  19 gnolls
  11 adders
  An ufetubus (D:5)
  An ooze (D:5)
  3 worms
  6 leopard geckos
  13 orcs
  6 bats
  8 giant cockroaches
  8 goblins
  6 hobgoblins
  15 jackals (D:5)
  7 kobolds
  A quokka (D:3)
  3 frilled lizards
  A giant cockroach zombie (D:5)
  A quokka skeleton (D:5)
  6 rats
134 creatures vanquished.

Vanquished Creatures (others)
  3 plants (D:5)
3 creatures vanquished.

Grand Total: 137 creatures vanquished

Notes
Turn   | Place    | Note
-------+----------+-------------------------------------------
     0 | D:1      | robertstho the Troll Berserker began the quest for the Orb.
     0 | D:1      | Reached XP level 1. HP: 22/22 MP: 0/0
   326 | D:1      | Reached XP level 2. HP: 29/29 MP: 1/1
   856 | D:2      | Found a bloodstained altar of Trog.
   858 | D:2      | Found a shimmering altar of Xom.
   858 | D:2      | Found a sacrificial altar of Ru.
   860 | D:2      | Found a glowing golden altar of the Shining One.
   860 | D:2      | Found a snail-covered altar of Cheibriados.
   860 | D:2      | Found a bloodstained altar of Trog.
   923 | D:2      | Reached XP level 3. HP: 36/36 MP: 2/2
   968 | D:2      | Reached skill level 4 in Unarmed Combat
  1175 | D:2      | Found a shadowy altar of Dithmenos.
  1204 | D:2      | Reached XP level 4. HP: 45/45 MP: 3/3
  1391 | D:2      | Reached ** piety under Trog
  1976 | D:3      | Reached XP level 5. HP: 24/53 MP: 4/4
  2375 | D:4      | Reached skill level 5 in Unarmed Combat
  2532 | D:4      | Found a blossoming altar of Fedhas.
  2563 | D:4      | Noticed a phantom
  2576 | D:4      | Killed a phantom
  2576 | D:4      | Reached *** piety under Trog
  2577 | D:4      | Reached XP level 6. HP: 56/61 MP: 5/5
  2632 | D:4      | Reached skill level 6 in Unarmed Combat
  2698 | D:4      | Got a vibrating bronze ring
  2891 | D:5      | Entered Level 5 of the Dungeon
  3080 | D:5      | Found a broken altar of Ashenzari.
  3112 | D:5      | Found a basalt altar of Yredelemnul.
  3163 | D:5      | Reached XP level 7. HP: 63/67 MP: 6/6
  3350 | D:5      | Reached skill level 1 in Shields
  3366 | D:5      | Identified the ring "Fadghoko" {*Tele *Drain MP+9 Dex+3
                  | SInv} (You found it on level 4 of the Dungeon)
  3684 | D:5      | Reached **** piety under Trog
  3727 | D:5      | Reached skill level 7 in Unarmed Combat
  3841 | D:5      | Reached XP level 8. HP: 57/78 MP: 7/7
  3845 | D:5      | Reached skill level 8 in Unarmed Combat
  3860 | D:5      | Gained mutation: Scrolls take you a little longer to read.
                  | [potion of mutation]
  3860 | D:5      | Gained mutation: You are partially covered in rugged brown
                  | scales. (AC +1, +3% HP) [potion of mutation]
  3860 | D:5      | Gained mutation: You are agile. (Dex +2) [potion of
                  | mutation]
  3861 | D:5      | HP: 4/80 [gnoll/+0 halberd (11)]
  3861 | D:5      | Slain by a gnoll

Illustrated notes

Levels and vault maps discovered:
D:1:      onia_arrival_pentagram, layout_loops_ring
D:2:      layout_loops_corners, doesnt_xom_only_xom, grunt_dithmenos_smoke,
          minmay_split_cup_small
D:3:      layout_loops_cross
D:4:      layout_cave_pools, fedhas_altar_2
D:5:      lemuel_castle_with_subvaults [lemuel_castle_interior_carwin_2],
          layout_basic, cheibrodos_ashenzari_chains, yredelemnul_altar_generic,
          nemelex_dance_club_becter

Skill      XL: |  1  2  3  4  5  6  7  8 |
---------------+-------------------------+-----
Fighting       | 3 |  3.8
Unarmed Combat | 4 5 6 7 8 |  8.0
Dodging        | 3 |  3.5
Shields        | 1 |  1.9
Stealth        | |  0.6

Action                   |  1- 3 |  4- 6 |  7- 9 || total
-------------------------+-------+-------+-------++-------
Melee: Unarmed           |    81 |   174 |   119 ||   374
       Punch             |     2 |     2 |     3 ||     7
Invok: Berserk           |     1 |     3 |     3 ||     7
       Trog's Hand       |       |       |     1 ||     1
  Use: Scroll            |     6 |       |     2 ||     8
       Potion            |       |       |     2 ||     2
 Stab: Sleeping          |       |     2 |       ||     2
Armor: Animal skin       |    25 |    62 |    24 ||   111
Dodge: Dodged            |    35 |    96 |    74 ||   205
Block: Other             |       |    37 |    26 ||    63
       Reflection        |       |     1 |       ||     1

Table legend: (Time is in decaauts)
 A = Elapsed time spent in this place.
 B = Non-inter-level travel time spent in this place.
 C = Inter-level travel time spent in this place.
 D = Time resting spent in this place.
 E = Time spent auto-exploring this place.
 F = Levels seen in this place.
 G = Mean time per level.
                   A        B        C        D        E       F      G
               +--------+--------+--------+--------+--------+-----+--------+
         Total |   3889 |   3757 |    132 |    214 |   2752 |   5 |  777.8 |
       Dungeon |   3889 |   3757 |    132 |    214 |   2752 |   5 |  777.8 |
               +--------+--------+--------+--------+--------+-----+--------+

Top non-repeatable levels by time:
     D:5: 987 daAuts
     D:2: 855 daAuts
     D:3: 752 daAuts
     D:1: 751 daAuts
     D:4: 542 daAuts
